 Dungeon Crawl Stone Soup version 0.20.1-1-g8b1a95d (webtiles) character file.

382 gungr the Insei (level 6, 0/39 HPs)
             Began as an Octopode Transmuter on Oct 25, 2017.
             Slain by an ogre
             ... wielding a +0 giant club
              (12 damage)
             ... on level 4 of the Dungeon.
             The game lasted 00:09:53 (2381 turns).

gungr the Insei (Octopode Transmuter)               Turns: 2381, Time: 00:09:54

Health: 0/39       AC:  1    Str:  9    XL:     6   Next: 76%
Magic:  10/10      EV: 14    Int: 20    God:
Gold:   241        SH:  0    Dex: 12    Spells: 9/10 levels left

rFire    . . .     SeeInvis .     - Unarmed
rCold    . . .     Gourm    .   (no shield)
rNeg     . . .     Faith    .   (helmet restricted)
rPois    .         Spirit   .   e - amulet of regeneration
rElec    .         Reflect  .   (no ring)
rCorr    .         Harm     .   (no ring)
MR       .....                  (no ring)
Stlth    ++........             (no ring)
Regen    0.6/turn               (no ring)
MPRegen  0.2/turn               (no ring)
                                (no ring)
                                (no ring)

@: no status effects
A: almost no armour, stealthy swim, amphibious, 8 rings, constrict 8, camouflage
1, blink, clever 1, gelatinous body 1
a: Blink


You were on level 4 of the Dungeon.
You were hungry.

You visited 1 branch of the dungeon, and saw 4 of its levels.

You collected 241 gold pieces.

Inventory:

Missiles
 a - 75 arrows
Magical Staves
 m - an uncursed staff of conjuration
Jewellery
 e - an amulet of regeneration (around mantle)
Scrolls
 d - 5 scrolls of teleportation {unknown}
 f - a scroll of enchant weapon {unknown}
 h - 8 scrolls of identify {unknown}
 k - 4 scrolls of remove curse {unknown}
 l - a scroll of enchant armour {unknown}
 q - 2 scrolls of immolation {unknown}
 r - a scroll of noise {unknown}
Potions
 n - a potion of cancellation {unknown}
 o - a potion of haste {unknown}
 p - a potion of might {unknown}
 s - a potion of magic {unknown}
Books
 b - a book of Changes

   Spells                             Type                      Level
   a - Beastly Appendage              Transmutation                1
   b - Sticks to Snakes               Transmutation                2
   c - Spider Form                    Transmutation/Poison         3
   d - Ice Form                       Ice/Transmutation            4
   e - Blade Hands                    Transmutation                5
 t - a book of Callings

   Spells                             Type                      Level
   a - Summon Small Mammal            Summoning                    1
   b - Call Imp                       Summoning                    2
   c - Call Canine Familiar           Summoning                    3
   d - Summon Guardian Golem          Hexes/Summoning              3
   e - Summon Lightning Spire         Summoning/Air                4
   f - Summon Ice Beast               Ice/Summoning                4
Comestibles
 c - 4 bread rations
 g - 4 fruits
 j - a meat ration


   Skills:
 + Level 2.2 Fighting
 + Level 3.2 Dodging
 * Level 5.7 Unarmed Combat
 + Level 2.8 Spellcasting
 + Level 2.8 Transmutations


You had 9 spell levels left.
You knew the following spells:

 Your Spells              Type           Power        Failure   Level  Hunger
a - Beastly Appendage     Tmut           ##....       4%          1    None


Dungeon Overview and Level Annotations

Branches:
Dungeon (4/15)
 Temple: D:4-7

Altars:
Kikubaaqudgha
Qazlal
Trog

Annotations:
D:2 2 transporters


Innate Abilities, Weirdness & Mutations

You cannot wear most types of armour.
You are very stealthy in the water. (Stealth+)
You are amphibious.
You can wear up to eight rings at the same time.
You can use your tentacles to constrict eight enemies at once.
Your skin changes colour to match your surroundings (Stealth+).
Your rubbery body absorbs attacks. (AC +1, EV +1)
You can translocate small distances at will.
Your mind is acute. (Int +2)


Message History

The phantom hits you!
You tentacle-slap the phantom.
The phantom is heavily damaged.
Your tentacle spike disappears.
The phantom misses you.
It was a potion of mutation.
You feel extremely strange.
You feel clever.
You feel jittery. The phantom closely misses you.
You tentacle-slap the phantom. Your squeeze misses the phantom.
The phantom is heavily damaged.
The phantom hits you!
* * * LOW HITPOINT WARNING * * *
The phantom blinks!
You close the door.
Something unseen opens the door.
An ogre comes into view. It is wielding a giant club.
You are feeling hungry.
The ogre closely misses you. The ogre hits you with a giant club!
You die...

......#...# #..........#
.....###..# #..........#
.....# #..# #####W.........#
.....###.######..............#
'####........##.......########
.# #........##.......#
.####........##.......#
....'........##.O.....#
#####........##.@.....##
##+###.............#
#.####...####.# .... #...# #.#
#.#.#. #...####.# #.#.#
+........# # #. #...######
#####


You could see a phantom and an ogre.

Vanquished Creatures
  A bullfrog (D:4)
  A scorpion (D:4)
  A hound (D:4)
  An orc priest (D:3)
  An orc wizard (D:4)
  A worker ant (D:4)
  4 gnolls
  An adder (D:4)
  An ooze (D:3)
  4 worms
  A dart slug (D:1)
  3 leopard geckos
  9 orcs
  2 ball pythons
  3 giant cockroaches
  6 goblins
  6 hobgoblins
  4 jackals (D:2)
  14 kobolds
  A quokka (D:3)
  6 bats
  5 frilled lizards
  A leopard gecko skeleton (D:4)
  4 rats
81 creatures vanquished.

Notes
Turn   | Place    | Note
-------+----------+-------------------------------------------
     0 | D:1      | gungr the Octopode Transmuter began the quest for the Orb.
     0 | D:1      | Reached XP level 1. HP: 13/13 MP: 3/3
    85 | D:1      | Reached XP level 2. HP: 15/18 MP: 5/5
   201 | D:1      | Reached XP level 3. HP: 19/23 MP: 6/6
   457 | D:2      | Reached skill level 4 in Unarmed Combat
   781 | D:2      | Found a transporter.
   781 | D:2      | Found a stormy altar of Qazlal.
   787 | D:2      | Found a transporter.
   911 | D:2      | Reached XP level 4. HP: 25/28 MP: 7/7
  1187 | D:3      | Found a faded altar of an unknown god.
  1454 | D:3      | Found a bloodstained altar of Trog.
  1582 | D:3      | Reached skill level 5 in Unarmed Combat
  1795 | D:3      | Reached XP level 5. HP: 24/33 MP: 6/8
  1949 | D:4      | Found an ancient bone altar of Kikubaaqudgha.
  2106 | D:4      | Reached XP level 6. HP: 11/39 MP: 7/9
  2333 | D:4      | Noticed a phantom
  2369 | D:4      | Gained mutation: Your mind is acute. (Int +2) [potion of mutation]
  2369 | D:4      | Gained mutation: You can translocate small distances at will. [potion of mutation]
  2381 | D:4      | Slain by an ogre

Skill      XL: |  1  2  3  4  5  6 |
---------------+-------------------+-----
Unarmed Combat | 4 5 |  5.7
Fighting       | 2 |  2.2
Dodging        | 3 |  3.2
Spellcasting   | |  2.8
Transmutations | |  2.8

Action                   |  1- 3 |  4- 6 || total
-------------------------+-------+-------++-------
Melee: Unarmed           |    80 |   147 ||   227
       Constrict         |    22 |    34 ||    56
       Tentacles         |    14 |    22 ||    36
       Punch             |     2 |     4 ||     6
       Kick              |       |    10 ||    10
 Cast: Beastly Appendage |       |     7 ||     7
  Use: Potion            |       |     1 ||     1
 Stab: Sleeping          |     2 |     5 ||     7
  Eat: Bread ration      |       |     1 ||     1
Armor: Skin              |     4 |     4 ||     8
Dodge: Dodged            |    42 |    74 ||   116
